 Dungeon Crawl Stone Soup version 0.21-a0-525-ga34b322 (webtiles) character file.

40 slep the Chopper (level 3, 0/18 HPs)
             Began as a Vine Stalker Gladiator on Dec 8, 2017.
             Succumbed to an adder's poison
             ... on level 2 of the Dungeon.
             The game lasted 00:02:39 (757 turns).

slep the Chopper (Vine Stalker Gladiator)            Turns: 757, Time: 00:02:40

Health: 0/18       AC:  4    Str: 16    XL:     3   Next: 50%
Magic:  2/4        EV: 13    Int:  8    God:
Gold:   43         SH:  0    Dex: 16    Spells: 2/2 levels left

rFire    . . .     SeeInvis .   a - +0 war axe
rCold    . . .     Gourm    .   (no shield)
rNeg     . . .     Faith    .   l - +0 robe (curse)
rPois    .         Spirit   +   c - +0 helmet
rElec    .         Reflect  .   k - +0 cloak
rCorr    .         Harm     .   (no gloves)
MR       .....                  (no boots)
Stlth    +.........             (no amulet)
HPRegen  0.06/turn              (no ring)
MPRegen  0.09/turn              (no ring)

@: lethally poisoned (0 -> -9)
A: fangs 2, magic shield, antimagic bite, no potion heal 3, rot immunity
a: no special abilities


You were on level 2 of the Dungeon.
You were not hungry.

You visited 1 branch of the dungeon, and saw 2 of its levels.

You collected 43 gold pieces.

Inventory:

Hand Weapons
 a - a +0 war axe (weapon)
Missiles
 d - 3 throwing nets (quivered)
Armour
 b - a +0 leather armour
 c - a +0 helmet (worn)
 k - a +0 cloak (worn)
 l - a cursed +0 robe (worn)
Scrolls
 e - 2 scrolls of magic mapping {unknown}
 h - a scroll of random uselessness {unknown}
 o - a scroll of immolation {unknown}
Potions
 g - 2 potions of curing {unknown}
 m - 2 potions of lignification {unknown}
 n - a potion of cancellation {unknown}
Comestibles
 f - a bread ration
 i - 6 fruits
 j - a meat ration


   Skills:
 + Level 2.0 Fighting
 + Level 3.2 Axes
 + Level 1.9 Throwing
 + Level 0.4 Armour
 + Level 2.9 Dodging


You had 2 spell levels left.
You didn't know any spells.

Dungeon Overview and Level Annotations

Branches:
Dungeon (2/15)

Altars:
Dithmenos


Innate Abilities, Weirdness & Mutations

You have extremely sharp teeth.
When hurt, damage is shared between your health and your magic reserves.
Your bite disrupts and absorbs the magic of your enemies.
Potions cannot restore your health.
You are immune to rotting.


Message History

You barely miss the adder. Your bite misses the adder.
The adder is severely wounded.
* * * LOW HITPOINT WARNING * * *
You feel sick. The adder barely misses you.
The adder bites you but does no damage.
You miss the adder.
The adder is severely wounded.
The adder bites you.
* * * LOW HITPOINT WARNING * * *
You are more poisoned.
The adder poisons you! The adder bites you but does no damage.
Unknown command.
* * * LOW HITPOINT WARNING * * *
You feel sick.
You see here a dagger.
Unknown command.
You completely miss the adder. You bite the adder. You drain its power.
You feel invigorated.
The adder is severely wounded.
You die...

#.# #.# #.# #.#
#####.####.# #.# #.#
#..........###.#
#.####.###.......##.#
#.##.....#######.##.#
#.##.....#### ##.##.#
#...........###...#.#
######.....##.........#
........S@.######...###
#####.##.### ##.## #.
#.# #.#. .. ... ..# #
##.##### ### #.


You could see an adder.

Vanquished Creatures
  An adder (D:2)
  A bat (D:2)
  3 giant cockroaches
  6 goblins
  2 hobgoblins (D:2)
  4 jackals (D:2)
  5 kobolds
  A quokka (D:2)
  2 frilled lizards
  2 rats (D:2)
27 creatures vanquished.

Notes
Turn   | Place    | Note
-------+----------+-------------------------------------------
     0 | D:1      | slep the Vine Stalker Gladiator began the quest for the Orb.
     0 | D:1      | Reached XP level 1. HP: 11/11 MP: 2/2
   175 | D:1      | Reached XP level 2. HP: 15/15 MP: 3/3
   195 | D:1      | Reached skill level 3 in Axes
   381 | D:1      | You fall through a shaft!
   460 | D:2      | Found a shadowy altar of Dithmenos.
   551 | D:2      | Reached XP level 3. HP: 10/18 MP: 1/4
   757 | D:2      | Succumbed to an adder's poison

Vault maps used:
D:1:      minmay_arrival_up_and_down, minivault_11
D:2:      nicolae_dithmenos_shadow_blocks, minmay_misc_feat_plants

Skill      XL: |  1  2  3 |
---------------+----------+-----
Axes           | 3 |  3.2
Fighting       | 2 |  2.0
Throwing       | |  1.9
Armour         | |  0.4
Dodging        | |  2.9

Action                   || total
-------------------------++-------
Melee: War axe           ||    69
       Bite              ||    13
Armor: Leather armour    ||    14
       Robe              ||    10
Dodge: Dodged            ||    55

Table legend:
 A = Spawn XP
 B = Non-spawn XP
 C = Spawn XP percentage of total XP
 D = Spawn monster count
 E = Non-spawn monster count
 F = Spawn count percentage of total count
 G = Total turns spent on level
                    A         B        C        D         E        F      G
               +---------+---------+-------+---------+---------+-------+---------
         Total |       0 |      58 |   0.0 |       0 |      27 |   0.0 |   757
               +---------+---------+-------+---------+---------+-------+---------
           D:1 |       0 |      14 |   0.0 |       0 |       8 |   0.0 |   381
           D:2 |       0 |      44 |   0.0 |       0 |      19 |   0.0 |   376
               +---------+---------+-------+---------+---------+-------+---------
